 Dungeon Crawl Stone Soup version 0.22-a0-322-g60b3cfd (webtiles) character file.

31 4thArraOfDagon the Conjurer (level 3, 0/31 HPs)
             Began as a Hill Orc Conjurer on Apr 4, 2018.
             Succumbed to an adder's poison
             ... on level 2 of the Dungeon.
             The game lasted 00:01:39 (369 turns).

4thArraOfDagon the Conjurer (Hill Orc Conjurer)      Turns: 369, Time: 00:01:40

Health: 0/31       AC:  2    Str: 15    XL:     3   Next: 22%
Magic:  1/5        EV: 27    Int: 16    God:
Gold:   61         SH:  0    Dex: 11    Spells: 4/5 levels left

rFire    . . .     SeeInvis .   h - +0 long sword
rCold    . . .     Gourm    .   (no shield)
rNeg     . . .     Faith    .   a - +0 robe
rPois    .         Spirit   .   (no helmet)
rElec    .         Reflect  .   (no cloak)
rCorr    .         Harm     .   (no gloves)
MR       .....                  (no boots)
Stlth    ++........             d - amulet of the acrobat
HPRegen  0.10/turn              (no ring)
MPRegen  0.09/turn              (no ring)

@: mighty, lethally poisoned (0 -> -4)
A: no striking features
a: no special abilities


You were on level 2 of the Dungeon.
You were not hungry.

You visited 1 branch of the dungeon, and saw 2 of its levels.

You collected 61 gold pieces.

Inventory:

Hand Weapons
 f - a +0 short sword
 h - a +0 long sword (weapon)
Armour
 a - a +0 robe (worn)
Jewellery
 d - an amulet of the acrobat (around neck)
Scrolls
 e - a scroll of noise {unknown}
 g - 2 scrolls of enchant armour {unknown}
 i - a scroll of remove curse {unknown}
Potions
 b - a potion of might
Comestibles
 c - 4 rations


   Skills:
 + Level 3.4 Fighting
 - Level 1.5 Dodging
 - Level 1.5 Stealth
 - Level 1.5 Spellcasting
 - Level 4.0 Conjurations


You had 4 spell levels left.
You knew the following spells:

 Your Spells              Type           Power        Failure   Level  Hunger
a - Magic Dart            Conj           ##..         4%          1    ##.....


Dungeon Overview and Level Annotations

Branches:
Dungeon (2/15)

Altars:


Message History

Unknown command.
You slash the adder!
You kill the adder!
You have reached level 3!
Your experience leads to an increase in your attributes!
Your base attributes are Str 10, Int 15, Dex 11.
Increase (S)trength, (I)ntelligence, or (D)exterity?
You feel clever.
* * * LOW HITPOINT WARNING * * *
You feel sick.
Unknown command.
Unknown command.
Unknown command.
Unknown command.
Unknown command.
You see here an adder corpse.
Unknown command.
Unknown command.
Unknown command.
You die...

#.# ...# #. #S.# #.# #..#
#.###### #K.#
#.#....####..#
#.#@#[..S.#..#
#.#.###......####..
#.####.#.....###.......b
#......†.###.#.'........
######.#.#...#.#........
#.#...#.#.#......##
######.#####.#.#.########
#.........)..<............
#........######.#.######..


There were no monsters in sight!

Vanquished Creatures
  An adder (D:2)
  A ball python (D:2)
  2 giant cockroaches (D:2)
  4 goblins
  2 hobgoblins
  3 jackals (D:2)
  2 kobolds
  2 bats
  2 frilled lizards (D:1)
19 creatures vanquished.

Notes
Turn   | Place    | Note
-------+----------+-------------------------------------------
     0 | D:1      | 4thArraOfDagon the Hill Orc Conjurer began the quest for the Orb.
     0 | D:1      | Reached XP level 1. HP: 14/14 MP: 3/3
    72 | D:1      | Reached skill level 1 in Fighting
   145 | D:1      | Reached XP level 2. HP: 23/24 MP: 2/4
   364 | D:2      | HP: 1/26 [adder (2)]
   365 | D:2      | Reached XP level 3. HP: 2/31 MP: 1/5
   369 | D:2      | Succumbed to an adder's poison

Vault maps used:
D:1:      nicolae_arrival_washed_ashore
D:2:      lemuel_zombie_altar_yredelemnul

Skill      XL: |  1  2 |
---------------+-------+-----
Fighting       | 1 3 |  3.4
Dodging        | |  1.5
Stealth        | |  1.5
Spellcasting   | |  1.5
Conjurations   | |  4.0

Action                   || total
-------------------------++-------
Melee: Short sword       ||    31
       Unarmed           ||     1
       Long sword        ||    11
 Cast: Magic Dart        ||    18
  Use: Potion            ||     1
 Stab: Sleeping          ||     1
Armor: Robe              ||    18
Dodge: Dodged            ||    62
       Rpst.: Long sword ||     2

Table legend:
 A = Spawn XP
 B = Non-spawn XP
 C = Spawn XP percentage of total XP
 D = Spawn monster count
 E = Non-spawn monster count
 F = Spawn count percentage of total count
 G = Total turns spent on level
                    A         B        C        D         E        F      G
               +---------+---------+-------+---------+---------+-------+---------
         Total |       0 |      45 |   0.0 |       0 |      19 |   0.0 |   369
               +---------+---------+-------+---------+---------+-------+---------
           D:1 |       0 |      13 |   0.0 |       0 |       8 |   0.0 |   230
           D:2 |       0 |      32 |   0.0 |       0 |      11 |   0.0 |   139
               +---------+---------+-------+---------+---------+-------+---------
